 Dungeon Crawl Stone Soup version 0.20.1-1-g8b1a95d (webtiles) character file.

102 Irenicus the Insei (level 4, -4/31 HPs)
             Began as an Octopode Chaos Knight on Oct 13, 2017.
             Slain by a gnoll
             ... wielding a +0 halberd
              (10 damage)
             ... on level 3 of the Dungeon.
             The game lasted 00:03:00 (1612 turns).

Irenicus the Insei (Octopode Chaos Knight)          Turns: 1612, Time: 00:03:01

Health: -4/31      AC:  1    Str: 11    XL:     4   Next: 77%
Magic:  4/4        EV: 13    Int: 14    God:    Xom [...*..]
Gold:   116        SH:  0    Dex: 12    Spells: 3/3 levels left

rFire    . . .     SeeInvis +     - Unarmed
rCold    . . .     Gourm    .   (no shield)
rNeg     . . .     Faith    .   (helmet restricted)
rPois    .         Spirit   .   (no amulet)
rElec    .         Reflect  .   c - ring of see invisible
rCorr    .         Harm     .   i - ring of loudness (curse)
MR       .....                  (no ring)
Stlth    +.........             (no ring)
Regen    0.1/turn               (no ring)
MPRegen  0.1/turn               (no ring)
                                (no ring)
                                (no ring)

@: no status effects
A: almost no armour, stealthy swim, amphibious, 8 rings, constrict 8, camouflage
1, gelatinous body 1
a: Renounce Religion


You were on level 3 of the Dungeon.
You worshipped Xom.
You were a favourite toy of Xom.
You were not hungry.

You visited 1 branch of the dungeon, and saw 3 of its levels.

You collected 116 gold pieces.

Inventory:

Jewellery
 c - a ring of see invisible (left tentacle)
 i - a cursed ring of loudness (right tentacle)
 k - an uncursed amulet of regeneration {unknown}
Scrolls
 e - a scroll of teleportation {unknown}
 f - a scroll of identify {unknown}
 g - a scroll of enchant armour
 h - a scroll of remove curse {unknown}
 l - a scroll of random uselessness {unknown}
Potions
 b - a potion of resistance {unknown}
 d - a potion of curing {unknown}
 m - a potion of lignification {unknown}
Comestibles
 a - a bread ration
 j - a meat ration


   Skills:
 - Level 3.0 Fighting
 - Level 2.3 Dodging
 + Level 5.3 Unarmed Combat


You had 3 spell levels left.
You didn't know any spells.

Dungeon Overview and Level Annotations

Branches:
Dungeon (3/15)

Altars:


Innate Abilities, Weirdness & Mutations

You cannot wear most types of armour.
You are very stealthy in the water. (Stealth+)
You are amphibious.
You can wear up to eight rings at the same time.
You can use your tentacles to constrict eight enemies at once.
Your skin changes colour to match your surroundings (Stealth+).
Your rubbery body absorbs attacks. (AC +1, EV +1)


Message History

The gnoll shaman shouts!
The gnoll shouts! x3; The gnoll shaman shouts!
The gnoll shouts! x2
A gnoll opens the large door.
The gnoll closely misses you. The gnoll barely misses you.
The gnoll closely misses you.
The gnoll hits you with a flail. 2 gnolls come into view.
As you read the scroll labeled YGULAG IHAKE, it crumbles to dust.
It is a scroll of enchant armour.
You aren't carrying any armour which can be enchanted further.
The gnoll shouts!
The ogre shouts!
The gnoll shouts! x5
The gnoll barely misses you. The gnoll misses you.
The gnoll hits you from afar with a halberd.
The gnoll barely misses you. The gnoll hits you with a flail.
The gnoll shouts!
The gnoll hits you with a spear! The gnoll misses you.
The gnoll hits you with a flail.
* * * LOW HITPOINT WARNING * * *
The gnoll hits you from afar with a halberd!
You die...
Xom howls with laughter!

# +.
#'g#########
...Og.g....#
.g.g.gg.gg.#
.gggg.g.@..+
..g.gg..g..+
#++#########


You could see an ogre, 2 gnoll shamans and 16 gnolls.

Vanquished Creatures
  4 adders (D:2)
  An ooze (D:2)
  3 worms
  A dart slug (D:2)
  2 leopard geckos
  An orc (D:3)
  6 bats
  4 giant cockroaches
  4 goblins
  2 hobgoblins
  6 kobolds (D:2)
  A quokka (D:3)
  7 frilled lizards
  9 rats
51 creatures vanquished.

Notes
Turn   | Place    | Note
-------+----------+-------------------------------------------
     0 | D:1      | Irenicus the Octopode Chaos Knight began the quest for the Orb.
     0 | D:1      | Reached XP level 1. HP: 16/16 MP: 1/1
    44 | D:1      | XOM: silly message
   204 | D:1      | XOM: harmless Air miscast
   247 | D:1      | Reached XP level 2. HP: 21/21 MP: 2/2
   484 | D:1      | XOM: mild Fire miscast
   512 | D:2      | Reached skill level 4 in Unarmed Combat
   512 | D:2      | Reached XP level 3. HP: 15/26 MP: 3/3
   664 | D:2      | XOM: medium Ice miscast
   779 | D:2      | XOM: harmless Tloc miscast
   940 | D:2      | Reached XP level 4. HP: 12/31 MP: 4/4
  1132 | D:2      | Reached skill level 5 in Unarmed Combat
  1231 | D:2      | XOM: silly message
  1610 | D:3      | Noticed an ogre
  1612 | D:3      | Slain by a gnoll

Skill      XL: |  1  2  3  4 |
---------------+-------------+-----
Unarmed Combat | 4 5 |  5.3
Fighting       | |  3.0
Dodging        | |  2.3

Action                   |  1- 3 |  4- 6 || total
-------------------------+-------+-------++-------
Melee: Unarmed           |    57 |    56 ||   113
       Constrict         |    14 |    12 ||    26
       Tentacles         |     7 |     8 ||    15
       Punch             |     2 |     1 ||     3
  Use: Scroll            |       |     1 ||     1
 Stab: Sleeping          |     7 |     1 ||     8
       Distracted        |     1 |       ||     1
  Eat: Chunk             |       |     2 ||     2
Armor: Skin              |     3 |    10 ||    13
Dodge: Dodged            |    32 |    46 ||    78
